 Dungeon Crawl Stone Soup version 0.31-a0-675-g238779eb0a (webtiles) character file.

Game seed: 13131245241352058092

10910 RatBastard the Skirmisher (level 11, -3/94 (104) HPs)
             Began as a Minotaur Hunter on Sept 5, 2023.
             Was an Elder of Fedhas.
             Slain by a spectral orc warrior
             ... wielding a +0 glaive of flaming
             ... summoned by Nergalle
              (4 damage)
             ... on level 1 of the Lair of Beasts.
             The game lasted 01:11:55 (10686 turns).

RatBastard the Skirmisher (Minotaur Hunter)        Turns: 10686, Time: 01:11:57

HP:   -3/94 (104)   AC: 10    Str: 16    XL:     11   Next: 42%
MP:   10/10         EV: 18    Int:  6    God:    Fedhas [****..]
Gold: 318           SH:  0    Dex: 20    Spells: 10/10 levels left

rFire   . . .        b - +4 long sword
rCold   + . .        (no shield)
rNeg    + . .        D - +2 leather armour {rN+}
rPois   .            (helmet restricted)
rElec   .            l - +2 cloak
rCorr   .            j - +1 pair of gloves
SInv    .            (no boots)
Will    .....        n - amulet of regeneration
Stlth   +++          k - ring of protection from cold
HPRegen 1.15/turn    (no ring)
MPRegen 0.12/turn

%: no passive effects
@: studying Dodging, drained, unable to read
A: horns 2, retaliatory headbutt, thin skeletal structure 1, inability to read
after injury 1
a: Renounce Religion, Wall of Briars, Grow Ballistomycete, Overgrow


You were on level 1 of the Lair of Beasts.
You worshipped Fedhas.
Fedhas was greatly pleased with you.
You visited 3 branches of the dungeon, and saw 11 of its levels.

You collected 550 gold pieces.
You spent 232 gold pieces at shops.

Inventory:

Hand Weapons
 a - a +0 orcbow
 b - a +4 long sword (weapon)
 v - a +0 arbalest
 x - a +0 great sword
Missiles
 B - 3 throwing nets
Armour
 j - a +1 pair of gloves (worn)
 l - a +2 cloak (worn)
 D - a +2 leather armour of positive energy (worn)
Jewellery
 k - a ring of protection from cold (left hand)
 n - an amulet of regeneration (around neck)
Scrolls
 f - a scroll of fear {unknown}
 g - a scroll of blinking {unknown}
 m - a scroll of fog {unknown}
 o - a scroll of noise {unknown}
 p - a scroll of teleportation
 r - 2 scrolls of poison {unknown}
 u - a scroll of brand weapon {unknown}
 w - a scroll of revelation {unknown}
 y - 4 scrolls of enchant weapon
 C - a scroll of immolation
 E - a scroll of vulnerability {unknown}
Potions
 c - a potion of curing
 d - a potion of enlightenment {unknown}
 e - 2 potions of heal wounds
 h - 2 potions of degeneration {unknown}
 i - a potion of cancellation {unknown}
 q - 2 potions of brilliance {unknown}
 s - 2 potions of might {unknown}
 t - 2 potions of lignification {unknown}
 z - 2 potions of ambrosia
 A - a potion of resistance {unknown}


   Skills:
 + Level 11.6 Fighting
 + Level 10.7 Long Blades
 * Level 13.0 Ranged Weapons
 + Level 9.0 Dodging
 - Level 1.1 Stealth


You had 10 spell levels left.
You didn't know any spells.
Your spell library contained the following spells:

 Spells                   Type           Power      Damage    Failure   Level
 Magic Dart               Conj           0%         1d3       52%         1
 Summon Small Mammal      Summ           0%         N/A       52%         1
 Call Imp                 Summ           0%         N/A       67%         2
 Scorch                   Fire           0%         2d5       67%         2
 Sublimation of Blood     Necr           0%         N/A       67%         2
 Wereblood                Tmut           0%         N/A       67%         2
 Call Canine Familiar     Summ           0%         N/A       88%         3
 Mephitic Cloud           Conj/Pois/Air  0%         N/A       88%         3
 Ozocubu's Armour         Ice            0%         N/A       88%         3
 Stone Arrow              Conj/Erth      0%         3d7       88%         3
 Summon Guardian Golem    Hex/Summ       0%         N/A       88%         3
 Animate Armour           Summ/Erth      0%         N/A       99%         4
 Flame Wave               Conj/Fire      0%         2d4       99%         4
 Summon Lightning Spire   Summ/Air       0%         N/A       99%         4
 Lee's Rapid Deconstruct  Erth           0%         3d4*      100%        5
 Metabolic Englaciation   Hex/Ice        0%         N/A       100%        5
 Simulacrum               Ice/Necr       0%         N/A       100%        6
 Summon Cactus Giant      Summ           0%         N/A       100%        6
 Summon Hydra             Summ           0%         N/A       100%        7
 Lehudib's Crystal Spear  Conj/Erth      0%         10d2      100%        8


Dungeon Overview and Level Annotations

Branches:
Dungeon (9/15) Zot: 25653  Temple (1/1) D:5 Zot: 5951    Lair (1/5) D:9 Zot: 5385
    Orc: D:9-12

Altars:
Ashenzari
Cheibriados
Dithmenos
Elyvilon
Fedhas
Gozag
Kikubaaqudgha
Makhleb
Nemelex Xobeh
Okawaru
Qazlal
Ru
Sif Muna
Trog
Uskayaw
Vehumet
Wu Jian
Xom
Yredelemnul
Zin
The Shining One

Shops:
D:4 (   D:6 :   D:7 [

Annotations:
Lair:1 Nergalle


Innate Abilities, Weirdness & Mutations

You have a pair of horns on your head.
You reflexively headbutt those who attack you in melee.
You have a somewhat thin skeletal structure. (Dex +2, Stealth+)
You occasionally lose the ability to read scrolls when taking damage.


Message History

Nergalle hits you but does no damage.
The spectral orc warrior barely misses you.
The spectral orc warrior attacks as it pursues you!
The spectral orc warrior misses you. You furiously retaliate!
You headbutt the spectral orc warrior!
The spectral orc warrior closely misses you.
You furiously retaliate!
You headbutt the spectral orc warrior! The spectral orc closely misses you.
You furiously retaliate!
You headbutt the spectral orc. The spectral orc warrior misses you.
The spectral orc hits you but does no damage.
The spectral orc warrior attacks as it pursues you!
The spectral orc warrior hits you from afar with a +2 vampiric halberd!
* * * LOW HITPOINT WARNING * * *
You partially resist.
You feel drained.
* * * LOW HITPOINT WARNING * * *
You feel threatened and lose the ability to read scrolls!
Nergalle points at you and mumbles some strange words.
Orcish apparitions take form around you.
You slash the spectral orc knight!
You headbutt the spectral orc knight, but do no damage.
The spectral orc knight is lightly damaged.
The spectral orc hits you but does no damage.
The spectral orc warrior completely misses you.
You furiously retaliate!
You headbutt the spectral orc warrior. Nergalle casts a spell at you.
Orcish apparitions take form around you.
Your surroundings seem slightly different.
The spectral orc knight hits you with a +3 war axe!
* * * LOW HITPOINT WARNING * * *
You partially resist.
You feel drained.
* * * LOW HITPOINT WARNING * * *
The spectral orc warrior hits you with a +0 long sword!
* * * LOW HITPOINT WARNING * * *
Nergalle gestures at you while chanting.
Orcish apparitions take form around you.
The spectral orc warrior hits you but does no damage.
The spectral orc warrior hits you from afar with a +0 glaive of flaming.
You die...
Fedhas appreciates your contribution to the ecosystem.

.~. ....# .....# #### ### #......
##..#######.#####....... ##
##......@ZZZZ....†#......
P########.......ZZZZ.Z....#......
.............†Z.Z.ZZ..o..........
.............#####P##Z...........
.............# ####.###........
.............# #..# .##......
#.##..####...# ###P.#### ......
####### #...#####.#...#.# ......
#...............#.......


You could see Nergalle, 2 spectral orcs, 9 spectral orc warriors and 3 spectral
orc knights.

Vanquished Creatures
  A boulder beetle (D:9)
  Pikel (D:8)
  Joseph (D:7)
  A black mamba (Lair:1)
  A rime drake (Lair:1)
  4 cane toads (Lair:1)
  A komodo dragon (Lair:1)
  A queen bee (D:9)
  2 trolls (D:7)
  2 hornets (D:9)
  5 blink frogs (Lair:1)
  Prince Ribbit (D:8)
  2 wyverns (D:9)
  Eustachio (D:4)
  A basilisk (Lair:1)
  2 steam dragons
  3 water moccasins
  An acid dragon (D:9)
  2 sky beasts
  A black bear (D:6)
  5 orc warriors
  2 ice beasts
  An ogre (D:5)
  A wolf (Lair:1)
  2 centaurs
  4 lemures
  A phantom (D:5)
  2 kobold brigands
  5 bullfrogs
  3 scorpions
  2 wights (D:8)
  17 killer bees (D:9)
  An electric eel (Lair:1)
  4 howler monkeys
  Crazy Yiuf (D:2)
  6 hounds
  3 orc priests
  2 jellies
  2 sleepcaps (D:5)
  Jessica (D:2)
  Natasha (thrice) (D:2)
  6 iguanas
  10 orc wizards
  A gnoll (D:1)
  5 adders
  A shadow imp (D:6)
  2 white imps
  2 ufetubi (D:5)
  2 worms (D:3)
  2 dart slugs
  40 orcs
  6 ball pythons
  7 bats
  6 endoplasms
  A giant cockroach (D:4)
  7 goblins
  3 hobgoblins
  7 jackals
  2 quokkas
  11 frilled lizards
  12 kobolds
  2 rats
237 creatures vanquished.

Vanquished Creatures (collateral kills)
  A wight (D:8)
1 creature vanquished.

Vanquished Creatures (others)
  An orc (D:7)
1 creature vanquished.

Grand Total: 239 creatures vanquished

Notes
Turn   | Place    | Note
-------+----------+-------------------------------------------
     0 | D:1      | RatBastard the Minotaur Hunter began the quest for the Orb.
     0 | D:1      | Reached XP level 1. HP: 18/18 MP: 0/0
    39 | D:1      | Reached skill level 1 in Stealth
    39 | D:1      | Reached XP level 2. HP: 10/25 MP: 1/1
   447 | D:1      | Found a faded altar of an unknown god.
   562 | D:2      | Reached skill level 1 in Long Blades
   562 | D:2      | Reached XP level 3. HP: 26/31 MP: 2/2
   599 | D:2      | Gained mutation: You occasionally lose the ability to read
                  | scrolls when taking damage. [potion of mutation]
   599 | D:2      | Gained mutation: You have a somewhat thin skeletal
                  | structure. (Dex +2, Stealth+) [potion of mutation]
   846 | D:2      | Noticed Jessica
   850 | D:2      | Killed Jessica
   851 | D:2      | Reached skill level 5 in Ranged Weapons
   851 | D:2      | Reached XP level 4. HP: 40/40 MP: 3/3
   888 | D:2      | Noticed Natasha
   899 | D:2      | Killed Natasha
  1101 | D:2      | Found a runed translucent door.
  1102 | D:2      | Noticed Crazy Yiuf
  1259 | D:2      | Killed Crazy Yiuf
  1397 | D:2      | Noticed Natasha
  1402 | D:2      | Killed Natasha
  1403 | D:2      | Reached XP level 5. HP: 40/47 MP: 4/4
  1541 | D:2      | Noticed Natasha
  1550 | D:2      | Killed Natasha
  1792 | D:3      | Identified the +6 sling of Egaud {antimagic, rElec rPois
                  | Dex+3}
  2174 | D:3      | Noticed a black bear
  2204 | D:3      | Reached skill level 5 in Fighting
  2495 | D:4      | Found a bloodstained altar of Trog.
  2646 | D:4      | Noticed Eustachio
  2673 | D:4      | Reached skill level 6 in Ranged Weapons
  2673 | D:4      | Reached XP level 6. HP: 55/56 MP: 5/5
  2711 | D:4      | Killed Eustachio
  3394 | D:4      | Found Agerch's Antique Weapon Boutique.
  3795 | D:5      | Entered Level 5 of the Dungeon
  3814 | D:5      | Reached XP level 7. HP: 60/62 MP: 6/6
  4461 | D:5      | Reached skill level 7 in Ranged Weapons
  4915 | D:5      | Reached skill level 5 in Long Blades
  5003 | D:5      | Found a staircase to the Ecumenical Temple.
  5012 | Temple   | Entered the Ecumenical Temple
  5038 | Temple   | Became a worshipper of Fedhas Madash
  5367 | D:5      | Reached XP level 8. HP: 73/73 MP: 7/7
  5667 | D:6      | Found Ykhliumm's Book Emporium.
  5836 | D:6      | Reached skill level 8 in Ranged Weapons
  6024 | D:6      | Reached * piety under Fedhas
  6035 | D:6      | Found a shimmering altar of Xom.
  6909 | D:7      | Reached XP level 9. HP: 82/82 MP: 8/8
  7058 | D:7      | Found Kocer's Antique Armour Shop.
  7066 | D:7      | Bought an embroidered scarf for 232 gold pieces
  7267 | D:7      | Noticed Joseph
  7275 | D:7      | Killed Joseph
  7276 | D:7      | Reached skill level 9 in Ranged Weapons
  7341 | D:7      | Noticed a troll
  7418 | D:7      | Killed a troll
  7695 | D:7      | Reached ** piety under Fedhas
  7750 | D:7      | Reached skill level 10 in Ranged Weapons
  7875 | D:7      | Noticed a troll
  7879 | D:7      | Killed a troll
  8031 | D:8      | Noticed Pikel
  8322 | D:8      | Reached skill level 10 in Fighting
  8338 | D:8      | Killed Pikel
  8339 | D:8      | Reached XP level 10. HP: 65/93 MP: 9/9
  8513 | D:8      | Noticed Prince Ribbit
  8521 | D:8      | Killed Prince Ribbit
  8522 | D:8      | Reached skill level 5 in Dodging
  8698 | D:9      | Reached skill level 11 in Ranged Weapons
  8771 | D:9      | Reached *** piety under Fedhas
  9439 | D:9      | Found a staircase to the Lair.
  9505 | D:9      | Found a snail-covered altar of Cheibriados.
  9513 | D:9      | Paralysed by a hornet for 2 turns
  9559 | D:9      | Found a stormy altar of Qazlal.
  9585 | D:9      | Found a glowing golden altar of the Shining One.
  9664 | D:9      | Found a shimmering blue altar of Sif Muna.
  9815 | D:9      | Noticed a boulder beetle
  9827 | D:9      | Reached skill level 12 in Ranged Weapons
  9860 | D:9      | Killed a boulder beetle
  9861 | D:9      | Reached skill level 10 in Long Blades
 10052 | Lair:1   | Entered Level 1 of the Lair of Beasts
 10052 | Lair:1   | Noticed a cane toad
 10061 | Lair:1   | Killed a cane toad
 10062 | Lair:1   | Reached XP level 11. HP: 85/102 MP: 10/10
 10388 | Lair:1   | Reached **** piety under Fedhas
 10644 | Lair:1   | Reached skill level 13 in Ranged Weapons
 10660 | Lair:1   | Noticed Nergalle
 10686 | Lair:1   | HP: 1/94 [spectral orc warrior/+0 long sword[Nergalle] (9)]
 10686 | Lair:1   | Slain by a spectral orc warrior

Illustrated notes

Levels and vault maps discovered:
D:1:      dpeg_arrival_fog, layout_rooms, shapermc_ecumenical_altar_ellora
D:2:      layout_rooms, minmay_bisected, uniq_jessica, uniq_crazy_yiuf_cottage,
          uniq_natasha
D:3:      layout_basic
D:4:      layout_layer_cave, trog_three_pillars_becter, serial_shops, shop,
          minmay_misc_feat_tower, minmay_lizard_king, uniq_eustachio
D:5:      layout_basic, minmay_temple_entry_enclosed_plants
D:6:      layout_cave_pools, old_standard_altar, serial_shops,
          nicolae_diamond_shop
D:7:      layout_basic, serial_shops, nicolae_shop_pleasant_corner_grove,
          minmay_manual_monolith, uniq_joseph
D:8:      layout_gridville, uniq_prince_ribbit1, uniq_pikel
D:9:      layout_loops_ring, nicolae_tso_carved_into_rock,
          mainiacjoe_overflow_big_doors, lemuel_coloured_pillars_altar,
          lair_entry_dummy, special_room [special_room_orc], minivault_7
Temple:   nicolae_temple_superstar
Lair:1:   layout_gridlike, st_stairs_11, infiniplex_staircase_pool_2,
          grunt_megastairs_2, serial_bayou_shore_b, uniq_nergalle

Skill      XL: |  1  2  3  4  5  6  7  8  9 10 11 |
---------------+----------------------------------+-----
Stealth        | 1 |  1.1
Fighting       | 3 4 5 7 8 10 11 | 11.6
Long Blades    | 1 2 3 5 7 9 10 | 10.7
Ranged Weapons | 5 6 7 8 10 12 13 | 13.0
Dodging        | 4 7 9 |  9.0

Action                     |  1- 3 |  4- 6 |  7- 9 | 10-12 || total
---------------------------+-------+-------+-------+-------++-------
  Melee: Whip              |    19 |    15 |       |       ||    34
         Headbutt          |     3 |    15 |    33 |    29 ||    80
         Punch             |     1 |       |     1 |     2 ||     4
         Falchion          |       |    57 |   175 |       ||   232
         Long sword        |       |       |     4 |   157 ||   161
   Fire: Shortbow          |    59 |    94 |   118 |       ||   271
         Orcbow            |       |       |   105 |   150 ||   255
  Throw: Throwing net      |       |       |       |     1 ||     1
 Invoke: Wall of Briars    |       |       |     1 |     1 ||     2
    Use: Scroll            |     5 |     4 |     4 |     7 ||    20
         Potion            |     1 |     3 |     5 |     1 ||    10
   Stab: Sleeping          |       |     1 |     1 |       ||     2
 Armour: Leather armour    |    26 |    92 |   162 |   132 ||   412
  Dodge: Dodged            |    25 |    60 |   153 |   200 ||   438

Table legend: (Time is in decaauts)
 A = Elapsed time spent in this place.
 B = Non-inter-level travel time spent in this place.
 C = Inter-level travel time spent in this place.
 D = Time resting spent in this place.
 E = Time spent auto-exploring this place.
 F = Levels seen in this place.
 G = Mean time per level.
                   A        B        C        D        E       F      G
               +--------+--------+--------+--------+--------+-----+--------+
         Total |  10589 |   9994 |    595 |   2690 |   3209 |  11 |  962.6 |
       Dungeon |   9927 |   9332 |    595 |   2657 |   3137 |   9 | 1103.0 |
        Temple |     48 |     48 |      0 |      0 |      0 |   1 |   48.0 |
          Lair |    613 |    613 |      0 |     32 |     72 |   1 |  613.0 |
               +--------+--------+--------+--------+--------+-----+--------+

Top non-repeatable levels by time:
     D:5: 1959 daAuts
     D:4: 1403 daAuts
     D:7: 1379 daAuts
     D:9: 1265 daAuts
     D:2: 1066 daAuts
     D:3: 865 daAuts
     D:6: 796 daAuts
     D:8: 642 daAuts
  Lair:1: 613 daAuts
     D:1: 549 daAuts
  Temple: 48 daAuts
